 Dungeon Crawl Stone Soup version 0.26.1-11-gd32895ea62 (webtiles) character file.

Game seed: 8789687403035792396

56 Ijustatesigmund the Ducker (level 3, -2/26 HPs)
             Began as an Octopode Fighter on June 30, 2021.
             Slain by a gnoll
             ... wielding a +0 spear
              (3 damage)
             ... on level 2 of the Dungeon.
             The game lasted 00:01:07 (864 turns).

Ijustatesigmund the Ducker (Octopode Fighter)        Turns: 864, Time: 00:01:08

Health: -2/26      AC:  1    Str: 15    XL:     3   Next: 95%
Magic:  3/3        EV: 12    Int: 16    God:
Gold:   69         SH:  8    Dex: 12    Spells: 2/2 levels left

rFire    . . .     SeeInvis .   a - +0 war axe
rCold    . . .     Faith    .   b - +0 kite shield
rNeg     . . .     Spirit   .   (helmet restricted)
rPois    .         Reflect  .   (no amulet)
rElec    .         Harm     .   f - +6 ring of intelligence
rCorr    .         Rampage  .   (no ring)
Will     .....                  (no ring)
Stlth    ++........             (no ring)
HPRegen  0.08/turn              (no ring)
MPRegen  0.08/turn              (no ring)
                                (no ring)
                                (no ring)

@: mighty
A: almost no armour, stealthy swim, amphibious, 8 rings, constrict 8, camouflage
1, gelatinous body 1
a: no special abilities


You were on level 2 of the Dungeon.
You visited 1 branch of the dungeon, and saw 2 of its levels.

You collected 69 gold pieces.

Inventory:

Hand Weapons
 a - a +0 war axe (weapon)
Armour
 b - a +0 kite shield (worn)
Jewellery
 f - a +6 ring of intelligence (left tentacle)
 h - an uncursed amulet of regeneration {unknown}
Scrolls
 d - a scroll of blinking {unknown}
 e - a scroll of remove curse {unknown}
 g - 2 scrolls of teleportation {unknown}


   Skills:
 + Level 3.3 Fighting
 * Level 3.0 Axes
 + Level 3.4 Dodging
 + Level 3.3 Shields


You had 2 spell levels left.
You didn't know any spells.
Your spell library was empty.

Dungeon Overview and Level Annotations

Branches:
Dungeon (2/15)

Altars:


Innate Abilities, Weirdness & Mutations

You cannot wear most types of armour.
You are very stealthy in the water. (Stealth+)
You are amphibious.
You can wear up to eight rings at the same time.
You can use your tentacles to constrict eight enemies at once.
Your skin changes colour to match your surroundings (Stealth+).
Your rubbery body absorbs attacks. (AC +1, EV +1)


Message History

You see here a +0 whip of freezing.
You hit the gnoll. Your grab misses the gnoll. You squeeze the gnoll!
You kill the gnoll!
The gnoll hits you.
Your Axes skill increases to level 3!
You barely miss the gnoll. You grab the gnoll.
You constrict the gnoll, but do no damage.
The gnoll barely misses you. You block the gnoll's attack.
You slash the gnoll!
The gnoll is severely wounded.
You constrict the gnoll.
The gnoll hits you from afar with a +0 spear!
* * * LOW HITPOINT WARNING * * *
The gnoll misses you.
The gnoll hits you from afar with a +0 spear.
* * * LOW HITPOINT WARNING * * *
You slash the gnoll!
You kill the gnoll!
The gnoll hits you from afar with a +0 spear.
You die...

#.........#
+.......###.#
###.....###.#
#..........#
#..#######.#
#..#######.#
#..........#
#.##########
#@# #)# #g#
#K# #.# ..#
###


You could see a gnoll and a kobold.

Vanquished Creatures
  3 gnolls (D:2)
  2 leopard geckos (D:1)
  4 giant cockroaches (D:1)
  6 goblins (D:1)
  2 hobgoblins (D:1)
  4 jackals (D:1)
  2 bats (D:1)
  3 frilled lizards (D:1)
  3 kobolds
  3 rats (D:1)
32 creatures vanquished.

Notes
Turn   | Place    | Note
-------+----------+-------------------------------------------
     0 | D:1      | Ijustatesigmund the Octopode Fighter began the quest for
                  | the Orb.
     0 | D:1      | Reached XP level 1. HP: 16/16 MP: 1/1
    65 | D:1      | Reached XP level 2. HP: 21/21 MP: 2/2
   381 | D:1      | Reached XP level 3. HP: 26/26 MP: 3/3
   863 | D:2      | HP: 1/26 [gnoll/+0 spear (6)]
   864 | D:2      | Slain by a gnoll

Illustrated notes

Levels and vault maps discovered:
D:1:      minmay_arrival_glassed_features, layout_loops_ring,
          chequers_serial_rivers_micro_b, minmay_tetromino_l2
D:2:      layout_loops_corners, nicolae_overflow_hidden_temple

Skill      XL: |  1  2  3 |
---------------+----------+-----
Axes           | 3 |  3.0
Fighting       | |  3.3
Dodging        | |  3.4
Shields        | |  3.3

Action                   || total
-------------------------++-------
Melee: War axe           ||    49
       Constrict         ||    10
       Tentacles         ||     9
  Use: Potion            ||     1
 Stab: Sleeping          ||     5
Armor: Skin              ||     1
Dodge: Dodged            ||    15
Block: Kite shield       ||    18
